 Seeded DCSS version 0.29-a0-393-g47a863cc1b (webtiles) character file.

Game seed: 14875320075521095149 (custom seed)

2 zeratav the Digger (level 1, 11/11 HPs)
             Began as an Octopode Earth Elementalist on May 9, 2022.
             Quit the game on level 1 of the Dungeon.
             The game lasted 00:00:19 (86 turns).

zeratav the Digger (Octopode Earth Elementalist)      Turns: 86, Time: 00:00:20

Health: 11/11      AC:  1    Str:  7    XL:     1   Next: 30%
Magic:  3/3        EV: 13    Int: 17    God:
Gold:   13         SH:  0    Dex: 12    Spells: 3/4 levels left

rFire   . . .      SeeInvis .   (no weapon)
rCold   . . .      Faith    .   (no shield)
rNeg    . . .      Spirit   .   (helmet restricted)
rPois   .          Reflect  .   (no amulet)
rElec   .          Harm     .   (no ring)
rCorr   .          Rampage  .   (no ring)
Will    .....                   (no ring)
Stlth   +++.......              (no ring)
HPRegen 0.03/turn               (no ring)
MPRegen 0.08/turn               (no ring)
                                (no ring)
                                (no ring)

@: no status effects
A: almost no armour, amphibious, 8 rings, camouflage 1, gelatinous body 1,
(nimble swimmer 1), tentacles, tentacle spike 1
a: no special abilities


You were on level 1 of the Dungeon.
You visited 1 branch of the dungeon, and saw 1 of its levels.

You collected 13 gold pieces.


Innate Abilities, Weirdness & Mutations

You cannot wear most types of armour.
You are amphibious.
You can wear up to eight rings at the same time.
Your skin changes colour to match your surroundings (Stealth+).
Your rubbery body absorbs attacks. (AC +1, EV +1)
((You are camouflaged when in or above water. (Stealth+)))
You have tentacles for arms and can constrict up to eight enemies at once.
One of your tentacles bears a spike.


   Skills:
 - Level 2.0 Dodging
 - Level 2.6 Stealth
 + Level 2.0 Spellcasting
 - Level 1.0 Transmutations
 * Level 3.1 Earth Magic


You had 3 spell levels left.
You knew the following spells:

 Your Spells              Type           Power      Damage    Failure   Level
a - Sandblast             Erth           24%        2d8       5%          1

Your spell library contained the following spells:

 Spells                   Type           Power      Damage    Failure   Level
 Passwall                 Tmut/Erth      6%         N/A       13%         2
 Stone Arrow              Conj/Erth      14%        3d7       30%         3
 Petrify                  Tmut/Erth      8%         N/A       63%         4

Inventory:

Missiles
 a - 28 stones {throwing}
Potions
 b - a potion of magic
 c - 2 potions of haste {unknown}

Dungeon Overview and Level Annotations

Branches:
Dungeon (1/15)

Altars:

#.# ###.# ###...#
##...#.####
#..#......###
#...........#
#...........#
###...........#
#............@#
####.##..........#
.................#
.......#........##
.......#........#
#######.........
....# .........
....# ........
.⌠..# ...


There were no monsters in sight!


Message History

🤖 Initializing magus.rc ...
Bad channel name for runrest: 'pray:' ✅ Successfully initialized magus.rc [v1.9.6] Welcome, zeratav the Octopode Earth Elementalist.
Game seed: 14875320075521095149 (custom seed) Press ? for a list of commands and other information.
Found 2 grey potions and 13 gold pieces.
Found a staircase leading out of the dungeon.
There is a fountain of clear blue water here.
c - 2 grey potions You now have 13 gold pieces.
You open the door.
Found a runed scarf.
There is an open door here.
An endoplasm comes into view.
An endoplasm is nearby!
An endoplasm is nearby!
The blast of sand hits the endoplasm.
MP[-1]
You lost 1 mp, and now have 2/3 mp.
An endoplasm is nearby!
You barely miss the endoplasm. The endoplasm freezes you.
You are frozen.
HP[-2]
You take 2 damage, and now have 9/11 hp.
You tentacle-slap the endoplasm but do no damage.
The endoplasm misses you.
The blast of sand hits the endoplasm.
You kill the endoplasm!
MP[-1]
You lost 1 mp, and now have 1/3 mp.
A frilled lizard comes into view.
HP[+2] MP[+2]
Your hp is fully restored (11).
Your mp is fully restored (3).
A frilled lizard is nearby!
A frilled lizard is nearby!
The frilled lizard hisses angrily.
The frilled lizard barely misses you.
You closely miss the frilled lizard. Your grab misses the frilled lizard.
The frilled lizard barely misses you.
You miss the frilled lizard. Your grab misses the frilled lizard.
The frilled lizard closely misses you.
You closely miss the frilled lizard. You grab the frilled lizard.
You squeeze the frilled lizard.
You kill the frilled lizard!
No target in view!
No target in view!
No target in view!
No target in view!
No target in view!
No target in view!
No target in view!
No target in view!
No target in view!
No target in view!
No target in view!
d - a dark potion It was a potion of mutation.
You feel extremely strange.
One of your lower tentacles grows a sharp spike.
You feel a little pissed off.
You feel a little more calm.
Unknown command.
Are you sure you want to abandon this character and quit the game? (Confirm with "yes".)

Action                   || total
-------------------------++-------
Melee: Unarmed           ||     5
       Constrict         ||     1
       Tentacles         ||     1
 Cast: Sandblast         ||     2
  Use: Potion            ||     1
Dodge: Dodged            ||     4

Levels and vault maps discovered:
D:1:      mushboom_english_gardens, layout_rooms, shapermc_ecumenical_altar_gd

Notes
Turn   | Place    | Note
-------+----------+-------------------------------------------
     0 | D:1      | zeratav the Octopode Earth Elementalist began the quest for
                  | the Orb.
     0 | D:1      | Reached XP level 1. HP: 11/11 MP: 3/3
     0 | D:1      | magus.rc [v1.9.6]
    85 | D:1      | Gained mutation: One of your tentacles bears a spike.
                  | [potion of mutation]
    85 | D:1      | Gained mutation: You tend to lose your temper in combat.
                  | [potion of mutation]
    85 | D:1      | Lost mutation: You tend to lose your temper in combat.
                  | [potion of mutation]
    86 | D:1      | Quit the game

Vanquished Creatures
  An endoplasm (D:1)
  A frilled lizard (D:1)
2 creatures vanquished.

Table legend:
 A = Non-vault XP
 B = Vault XP
 C = Vault XP percentage of total XP
 D = Non-vault monster count
 E = Vault monster count
 F = Vault count percentage of total count
                 A         B        C        D         E       F
            +---------+---------+-------+---------+---------+-------
      Total |       3 |       0 |   0.0 |       2 |       0 |   0.0
            +---------+---------+-------+---------+---------+-------
        D:1 |       3 |       0 |   0.0 |       2 |       0 |   0.0
            +---------+---------+-------+---------+---------+-------

Illustrated notes

Table legend:
 A = Kills in this place as a percentage of kills in entire the game.
 B = Kills by you in this place as a percentage of kills by you in the entire game.
 C = Kills by friends in this place as a percentage of kills by friends in the entire game.
 D = Other kills in this place as a percentage of other kills in the entire game.
 E = Experience gained in this place as a percentage of experience gained in the entire game.
 F = Experience gained in this place divided by the number of levels of this place that you have seen.
                   A       B       C       D       E      F
               +-------+-------+-------+-------+-------+----------------------
         Total | 100.0 | 100.0 |   N/A |   N/A | 100.0 |   3.0
       Dungeon | 100.0 | 100.0 |   N/A |   N/A | 100.0 |   3.0
               +-------+-------+-------+-------+-------+----------------------

Table legend: (Time is in decaauts)
 A = Elapsed time spent in this place.
 B = Non-inter-level travel time spent in this place.
 C = Inter-level travel time spent in this place.
 D = Time resting spent in this place.
 E = Time spent auto-exploring this place.
 F = Levels seen in this place.
 G = Mean time per level.
                   A        B        C        D        E       F      G
               +--------+--------+--------+--------+--------+-----+--------+
         Total |     86 |     86 |      0 |      0 |     63 |   1 |   86.0 |
       Dungeon |     86 |     86 |      0 |      0 |     63 |   1 |   86.0 |
               +--------+--------+--------+--------+--------+-----+--------+

Top non-repeatable levels by time:
     D:1: 86 daAuts
